 Dungeon Crawl Stone Soup version 0.29.0-5-ge4962eb29e (webtiles) character file.

Game seed: 13253540326437373152

30 sanka the Ducker (level 3, -2/24 HPs)
             Began as a Merfolk Air Elementalist on Aug 28, 2022.
             Slain by a hound (5 damage)
             ... on level 2 of the Dungeon.
             The game lasted 00:02:54 (1754 turns).

sanka the Ducker (Merfolk Air Elementalist)         Turns: 1754, Time: 00:02:55

Health: -2/24      AC:  2    Str:  7 (8)  XL:     3   Next: 18%
Magic:  4/6        EV: 12    Int: 12 (14) God:
Gold:   76         SH:  0    Dex: 14 (16) Spells: 0/6 levels left

rFire   . . .      SeeInvis .   h - +0 spear
rCold   . . .      Faith    .   (no shield)
rNeg    . . .      Spirit   .   a - +0 robe
rPois   .          Reflect  .   (no helmet)
rElec   .          Harm     .   (no cloak)
rCorr   +          Rampage  .   (no gloves)
Will    .....                   (no boots)
Stlth   ++........              (no amulet)
HPRegen 0.08/turn               (no ring)
MPRegen 0.10/turn               g - ring of resist corrosion

@: very slightly contaminated
A: (nimble swimmer 2), mertail
a: no special abilities


You were on level 2 of the Dungeon.
You visited 1 branch of the dungeon, and saw 2 of its levels.

You collected 76 gold pieces.


Innate Abilities, Weirdness & Mutations

((You are very nimble when in or above water. (Stealth+, EV+, Speed+++)))
Your lower body shifts to a powerful aquatic tail in water.


   Skills:
 - Level 2.6 Dodging
 - Level 2.1 Stealth
 - Level 2.0 Spellcasting
 + Level 2.4 Conjurations
 + Level 2.4 Air Magic


You couldn't memorise any spells.
You knew the following spells:

 Your Spells              Type           Power      Damage    Failure   Level
s - Swiftness             Air            7%         N/A       30%         3
z - Shock                 Conj/Air       28%        1d4       10%         1
Z - Static Discharge      Conj/Air       7%         3-4/arc   16%         2

Your spell library contained the following spells:

 Spells                   Type           Power      Damage    Failure   Level
 Airstrike                Air            3%         2d(1-17)  69%         4

Inventory:

Hand Weapons
 d - a +0 dagger
 e - a +0 whip
 h - a +0 spear (weapon)
Armour
 a - a +0 robe (worn)
Jewellery
 g - a ring of resist corrosion (right hand)
Scrolls
 f - a scroll of enchant weapon {unknown}
Potions
 b - a potion of magic

Dungeon Overview and Level Annotations

Branches:
Dungeon (2/15)

Altars:

▒▒......▒
▒......▒
▒......▒▒▒▒▒.▒
▒............▒
.
▒.▒▒'▒▒▒▒▒▒▒▒▒
.. ▒.▒..▒
...▒▒▒▒.▒.▒▒
........▒.▒
........▒m▒
......SSh.▒
..▒....▒▒▒▒
▒.... ▒▒...
▒... ▒▒.. ▒..
▒..


You could see a hound, an adder and a ball python.


Message History

The bat hits you. The hound bites you.
* * * LOW HITPOINT WARNING * * *
The goblin attacks as you move away! The goblin hits you with a +0 club.
* * * LOW HITPOINT WARNING * * *
Aiming: Shock (safe; 9% risk of failure)
The zap hits the hound.
The hound is lightly wounded.
The zap misses the hound.
You feel a bit more experienced. The hound bites you.
* * * LOW HITPOINT WARNING * * *
The hound bites you.
* * * LOW HITPOINT WARNING * * *
Unknown command.
It was a potion of degeneration.
There was something very wrong with that liquid.
You feel weakened.
You feel dopey.
You feel clumsy. The hound barely misses you.
Okay, then.
Aiming: Shock (safe; 10% risk of failure)
You miscast Shock.
You are very lightly contaminated with residual magic.
Nothing appears to happen.
The hound closely misses you. The hound bites you.
You die...

Action                   || total
-------------------------++-------
Melee: Dagger            ||    27
       Unarmed           ||     7
       Tailslap          ||     6
       Spear             ||    55
       Whip              ||    23
       Punch             ||     1
 Cast: Shock             ||    14
  Use: Potion            ||     1
 Stab: Sleeping          ||     3
Armor: Robe              ||    18
Dodge: Dodged            ||    97

Levels and vault maps discovered:
D:1:      nzn_arrival_depleted_hourglass, layout_rooms, serial_rivers,
          chequers_serial_rivers_micro_e, chequers_serial_rivers_large_a,
          chequers_serial_rivers_small_3, chequers_serial_rivers_small_a,
          chequers_serial_rivers_micro_c, chequers_serial_rivers_micro_d,
          due_unseen_surprise
D:2:      layout_basic, hellmonk_ecumenical_altar_zigzags, uniq_sigmund

Notes
Turn   | Place    | Note
-------+----------+-------------------------------------------
     0 | D:1      | sanka the Merfolk Air Elementalist began the quest for the
                  | Orb.
     0 | D:1      | Reached XP level 1. HP: 13/13 MP: 3/3
    44 | D:1      | HP: 1/13 [goblin/+0 dagger (3)]
    46 | D:1      | Reached skill level 1 in Conjurations
   655 | D:1      | Reached XP level 2. HP: 19/19 MP: 3/5
   862 | D:1      | Reached skill level 2 in Conjurations
  1189 | D:1      | Reached XP level 3. HP: 8/24 MP: 6/6
  1634 | D:1      | Learned a level 2 spell: Static Discharge
  1638 | D:1      | Learned a level 3 spell: Swiftness
  1754 | D:2      | Slain by a hound

Vanquished Creatures
  3 ball pythons
  5 bats
  An endoplasm (D:1)
  A giant cockroach (D:1)
  A goblin (D:1)
  5 hobgoblins (D:1)
  2 jackals (D:1)
  4 kobolds (D:1)
  A quokka (D:1)
  A frilled lizard (D:1)
  2 rats
26 creatures vanquished.
